General information
- name: BNet
- type: Ladder team game (AT/RT)
- host: Battle.net
- saver: TheBastard
map: Deathknell
- players: 8
- length: 43:00
- speed: Fast
- version: 1.28 W3XP
- replay type: Public
» download(426 KB)
Players
team 1 (loser)
uvaalum102 (
pink | 125 APM | 5246 actions | 41:59)
6 Blademaster
2 Wind Walk
3 Critical Strike
1 Bladestorm
» actions
| Assign group hotkey | 46 | |
| Basic commands | 51 | |
| Build / train | 79 | |
| Enter build submenu | 26 | |
| Enter hero's abilities submenu | 6 | |
| Remove unit from queue | 3 | |
| Right click | 2277 | |
| Select / deselect | 603 | |
| Select group hotkey | 1954 | |
| Use ability | 201 | |
5246 total
» units
| Peon | 15 | |
| Raider | 13 | |
| Troll Batrider | 7 | |
| Kodo Beast | 1 | |
36 total
» upgrades
| Melee Weapons | 3 | |
| Armor | 2 | |
| Pillage | 1 | |
| Ensnare | 1 | |
| Liquid Fire | 1 | |
| Reinforced Defenses | 1 | |
| War Drums Damage Increase | 1 | |
10 total
» buildings
| Altar of Storms | 2 | |
| Orc Burrow | 10 | |
| War Mill | 1 | |
| Voodoo Lounge | 1 | |
| Watch Tower | 1 | |
| Stronghold | 2 | |
| Beastiary | 3 | |
| Fortress | 1 | |
| Great Hall | 3 | |
| Altar of Kings | 1 | |
| Farm | 2 | |
27 total
» build order
00:15 Altar of Storms
00:19 Orc Burrow
00:57 War Mill
01:04 Voodoo Lounge
02:12 Watch Tower
02:46 Stronghold
02:47 Stronghold
03:03 Orc Burrow
03:35 Orc Burrow
04:37 Orc Burrow
05:13 Beastiary
05:15 Beastiary
05:20 Beastiary
09:32 Fortress
09:59 Orc Burrow
19:57 Orc Burrow
21:44 Orc Burrow
24:36 Great Hall
26:56 Great Hall
36:09 Great Hall
36:13 Altar of Kings
36:14 Farm
39:19 Orc Burrow
39:25 Orc Burrow
40:27 Orc Burrow
41:09 Altar of Storms
41:37 Farm
» items
| Healing Salve | 5 | |
| Lesser Clarity Potion | 2 | |
| Scroll of Speed | 5 | |
| Scroll of Town Portal | 4 | |
| Potion of Healing | 3 | |
| Orb of Lightning | 1 | |
20 total
b4_i_die_alone (
teal | 35 APM | 1443 actions | 41:01)
7 Blademaster
3 Wind Walk
3 Critical Strike
1 Bladestorm
» actions
| Basic commands | 1 | |
| Build / train | 63 | |
| Enter build submenu | 36 | |
| Enter hero's abilities submenu | 7 | |
| Give item / drop item | 1 | |
| Remove unit from queue | 1 | |
| Right click | 878 | |
| Select / deselect | 353 | |
| Use ability | 103 | |
1443 total
» units
| Peon | 12 | |
| Goblin Shredder | 1 | |
| Wind Rider | 12 | |
25 total
» upgrades
| Spiked Barricades | 2 | |
| Shaman Training | 2 | |
| Reinforced Defenses | 1 | |
| Envenomed Spears | 1 | |
| Ranged Weapons | 1 | |
| Armor | 1 | |
8 total
» buildings
| War Mill | 1 | |
| Orc Burrow | 6 | |
| Altar of Storms | 1 | |
| Voodoo Lounge | 1 | |
| Watch Tower | 20 | |
| Stronghold | 1 | |
| Great Hall | 1 | |
| Beastiary | 3 | |
| Spirit Lodge | 1 | |
| Fortress | 1 | |
36 total
» build order
00:10 War Mill
00:18 Orc Burrow
00:57 Altar of Storms
01:28 Voodoo Lounge
01:50 Orc Burrow
03:30 Watch Tower
03:35 Watch Tower
03:37 Watch Tower
03:40 Watch Tower
03:44 Watch Tower
03:57 Orc Burrow
04:37 Stronghold
05:53 Great Hall
06:03 Watch Tower
06:06 Watch Tower
06:11 Watch Tower
06:57 Orc Burrow
07:16 Watch Tower
07:55 Beastiary
07:57 Beastiary
08:21 Orc Burrow
08:31 Beastiary
08:39 Spirit Lodge
09:28 Fortress
09:38 Orc Burrow
19:29 Watch Tower
19:30 Watch Tower
20:27 Watch Tower
20:32 Watch Tower
20:44 Watch Tower
20:46 Watch Tower
20:51 Watch Tower
21:34 Watch Tower
21:37 Watch Tower
21:56 Watch Tower
22:01 Watch Tower
» items
| Healing Salve | 5 | |
| Orb of Lightning | 1 | |
| Scroll of Town Portal | 6 | |
| Scroll of Speed | 1 | |
| Potion of Healing | 4 | |
| Tiny Great Hall | 1 | |
| Scroll of Regeneration | 1 | |
19 total
TheBastard (
yellow | 51 APM | 2179 actions | 43:00)
6 Archmage
3 Summon Water Elemental
2 Brilliance Aura
1 Mass Teleport
» actions
| Assign group hotkey | 59 | |
| Basic commands | 86 | |
| Build / train | 95 | |
| Enter build submenu | 81 | |
| Enter hero's abilities submenu | 6 | |
| Give item / drop item | 5 | |
| Remove unit from queue | 1 | |
| Right click | 843 | |
| Select / deselect | 484 | |
| Select group hotkey | 246 | |
| Use ability | 273 | |
2179 total
» units
| Peasant | 16 | |
| Footman | 4 | |
| Goblin Shredder | 1 | |
| Gryphon Rider | 8 | |
| Goblin Sapper | 2 | |
31 total
» upgrades
| Masonry | 3 | |
| Swords | 3 | |
| Armor | 4 | |
| Animal War Training | 1 | |
| Storm Hammers | 1 | |
| Cloud | 1 | |
13 total
» buildings
| Altar of Kings | 1 | |
| Barracks | 1 | |
| Farm | 9 | |
| Scout Tower | 78 | |
| Arcane Tower | 1 | |
| Arcane Vault | 3 | |
| Keep | 1 | |
| Town Hall | 6 | |
| Lumber Mill | 1 | |
| Castle | 1 | |
| Gryphon Aviary | 4 | |
| Blacksmith | 2 | |
| Guard Tower | 24 | |
132 total
» build order
00:46 Altar of Kings
00:48 Barracks
00:51 Farm
00:53 Farm
01:08 Farm
01:59 Scout Tower
02:30 Arcane Tower
03:06 Arcane Vault
03:37 Keep
04:39 Town Hall
04:45 Lumber Mill
06:44 Castle
07:52 Gryphon Aviary
07:52 Gryphon Aviary
07:53 Gryphon Aviary
07:53 Gryphon Aviary
07:58 Blacksmith
08:04 Blacksmith
08:38 Farm
08:42 Farm
09:39 Scout Tower
09:40 Scout Tower
09:42 Scout Tower
09:43 Scout Tower
10:00 Scout Tower
10:00 Scout Tower
10:01 Scout Tower
10:03 Scout Tower
10:26 Guard Tower
10:32 Guard Tower
10:50 Guard Tower
11:22 Town Hall
11:28 Scout Tower
11:29 Scout Tower
11:29 Scout Tower
11:41 Scout Tower
11:43 Scout Tower
11:43 Scout Tower
11:44 Scout Tower
11:44 Scout Tower
11:50 Arcane Vault
14:07 Farm
14:08 Farm
14:23 Farm
14:24 Farm
16:07 Town Hall
16:12 Scout Tower
16:12 Scout Tower
16:12 Scout Tower
16:12 Scout Tower
16:16 Scout Tower
16:16 Scout Tower
16:16 Scout Tower
16:17 Scout Tower
17:05 Guard Tower
17:23 Guard Tower
17:57 Town Hall
18:01 Scout Tower
18:01 Scout Tower
18:02 Scout Tower
18:02 Scout Tower
18:03 Scout Tower
18:04 Scout Tower
18:05 Scout Tower
18:05 Scout Tower
18:15 Scout Tower
18:17 Scout Tower
18:19 Scout Tower
18:19 Scout Tower
18:24 Arcane Vault
18:39 Guard Tower
18:41 Guard Tower
19:11 Guard Tower
19:30 Guard Tower
19:31 Guard Tower
19:35 Guard Tower
19:37 Guard Tower
21:24 Scout Tower
21:24 Scout Tower
21:25 Scout Tower
21:26 Scout Tower
21:27 Scout Tower
21:28 Scout Tower
21:31 Scout Tower
21:32 Scout Tower
21:33 Scout Tower
21:34 Scout Tower
21:36 Scout Tower
21:37 Scout Tower
21:39 Scout Tower
21:40 Scout Tower
21:41 Scout Tower
21:42 Scout Tower
21:42 Scout Tower
21:47 Scout Tower
21:49 Scout Tower
21:50 Scout Tower
22:28 Guard Tower
22:36 Guard Tower
23:06 Guard Tower
23:31 Guard Tower
23:33 Guard Tower
26:53 Scout Tower
26:53 Scout Tower
26:53 Scout Tower
26:54 Scout Tower
26:55 Scout Tower
27:34 Guard Tower
27:36 Guard Tower
27:43 Town Hall
27:45 Scout Tower
27:46 Scout Tower
27:46 Scout Tower
27:47 Scout Tower
27:48 Scout Tower
27:49 Scout Tower
27:50 Scout Tower
27:50 Scout Tower
28:20 Guard Tower
28:27 Guard Tower
29:07 Guard Tower
33:31 Town Hall
33:35 Scout Tower
33:35 Scout Tower
33:36 Scout Tower
33:36 Scout Tower
33:42 Scout Tower
33:43 Scout Tower
33:44 Scout Tower
33:44 Scout Tower
34:08 Guard Tower
34:46 Guard Tower
» items
| Scroll of Regeneration | 6 | |
| Mechanical Critter | 6 | |
| Scroll of Town Portal | 3 | |
| Staff of Sanctuary | 1 | |
16 total

»
Oamey (
red | 30 APM | 777 actions | 26:10)
4 Archmage
2 Summon Water Elemental
2 Brilliance Aura
2 Blood Mage
1 Flame Strike
1 Banish
» actions
| Basic commands | 53 | |
| Build / train | 73 | |
| Enter build submenu | 40 | |
| Enter hero's abilities submenu | 6 | |
| Remove unit from queue | 3 | |
| Right click | 235 | |
| Select / deselect | 313 | |
| Use ability | 54 | |
777 total
» units
| Peasant | 18 | |
| Footman | 3 | |
| Rifleman | 17 | |
| Flying Machine | 6 | |
44 total
» upgrades
| Gunpowder | 2 | |
| Armor | 2 | |
| Long Rifles | 1 | |
| Lumber Harvesting | 1 | |
| Flying Machine Bombs | 1 | |
7 total
» buildings
| Altar of Kings | 1 | |
| Farm | 9 | |
| Barracks | 2 | |
| Lumber Mill | 1 | |
| Blacksmith | 1 | |
| Scout Tower | 10 | |
| Arcane Vault | 1 | |
| Arcane Tower | 3 | |
| Town Hall | 3 | |
| Keep | 1 | |
| Castle | 1 | |
| Guard Tower | 1 | |
| Workshop | 2 | |
| Cannon Tower | 1 | |
37 total
» build order
00:06 Altar of Kings
00:08 Farm
00:30 Barracks
00:50 Farm
01:23 Lumber Mill
02:13 Blacksmith
02:31 Farm
02:36 Scout Tower
03:03 Arcane Vault
03:18 Arcane Tower
03:27 Farm
04:57 Farm
05:38 Farm
06:34 Town Hall
06:58 Scout Tower
07:11 Keep
07:48 Arcane Tower
08:35 Farm
10:23 Castle
10:45 Scout Tower
11:04 Scout Tower
11:47 Guard Tower
11:49 Arcane Tower
11:53 Farm
14:37 Workshop
15:06 Workshop
15:33 Farm
17:13 Town Hall
17:15 Scout Tower
17:17 Scout Tower
17:18 Scout Tower
18:04 Scout Tower
19:04 Cannon Tower
19:14 Scout Tower
20:35 Barracks
22:06 Town Hall
24:25 Scout Tower
» items
| Scroll of Regeneration | 3 | |
| Orb of Fire | 1 | |
4 total
team 2 (winner)

»
gallihand (
orange | 55 APM | 1962 actions | 35:28)
4 Death Knight
2 Death Coil
2 Unholy Aura
3 Lich
2 Frost Nova
1 Frost Armor
» actions
| Assign group hotkey | 21 | |
| Basic commands | 357 | |
| Build / train | 56 | |
| ESC pressed | 1 | |
| Enter build submenu | 21 | |
| Enter hero's abilities submenu | 8 | |
| Give item / drop item | 3 | |
| Right click | 531 | |
| Select / deselect | 302 | |
| Select group hotkey | 590 | |
| Use ability | 71 | |
1962 total
» units
| Acolyte | 11 | |
| Ghoul | 3 | |
| Crypt Fiend | 8 | |
| Frost Wyrm | 2 | |
24 total
» upgrades
| Creature Attack | 1 | |
| Creature Carapace | 1 | |
| Web | 1 | |
| Freezing Breath | 1 | |
4 total
» buildings
| Altar of Darkness | 1 | |
| Crypt | 1 | |
| Graveyard | 1 | |
| Ziggurat | 10 | |
| Tomb of Relics | 1 | |
| Nerubian Tower | 1 | |
| Halls of the Dead | 1 | |
| Black Citadel | 1 | |
| Spirit Tower | 2 | |
| Sacrificial Pit | 1 | |
| Boneyard | 2 | |
22 total
» build order
00:23 Altar of Darkness
00:25 Crypt
00:34 Graveyard
00:52 Ziggurat
01:32 Tomb of Relics
01:45 Ziggurat
03:09 Nerubian Tower
03:16 Ziggurat
06:19 Halls of the Dead
07:05 Ziggurat
09:44 Ziggurat
10:20 Black Citadel
10:24 Ziggurat
10:25 Ziggurat
10:26 Ziggurat
11:50 Spirit Tower
13:04 Sacrificial Pit
13:07 Ziggurat
13:31 Ziggurat
15:30 Spirit Tower
17:11 Boneyard
17:14 Boneyard
» items
| Rod of Necromancy | 1 | |
| Scroll of Town Portal | 6 | |
| Potion of Healing | 5 | |
| Scroll of Healing | 1 | |
| Orb of Corruption | 1 | |
14 total

»
Kevin_Spacey (
green | 93 APM | 3319 actions | 35:31)
5 Demon Hunter
3 Mana Burn
2 Evasion
» actions
| Assign group hotkey | 69 | |
| Basic commands | 1 | |
| Build / train | 47 | |
| ESC pressed | 9 | |
| Enter build submenu | 18 | |
| Enter hero's abilities submenu | 5 | |
| Give item / drop item | 3 | |
| Right click | 1370 | |
| Select / deselect | 373 | |
| Select group hotkey | 1370 | |
| Use ability | 54 | |
3319 total
» units
| Wisp | 14 | |
| Archer | 10 | |
| Hippogryph | 10 | |
34 total
» upgrades
| Strength of the Moon | 1 | |
| Improved Bows | 1 | |
| Hippogryph Taming | 1 | |
3 total
» buildings
| Altar of Elders | 1 | |
| Moon Well | 4 | |
| Ancient of War | 1 | |
| Tree of Ages | 1 | |
| Hunter's Hall | 1 | |
| Ancient of Wonders | 1 | |
| Ancient Protector | 2 | |
| Ancient of Wind | 2 | |
| Tree of Eternity | 1 | |
| Tree of Life | 4 | |
18 total
» build order
00:09 Altar of Elders
00:22 Moon Well
00:48 Ancient of War
01:34 Moon Well
03:10 Moon Well
03:44 Tree of Ages
03:51 Hunter's Hall
04:30 Ancient of Wonders
05:19 Ancient Protector
06:40 Ancient of Wind
06:42 Ancient of Wind
07:42 Tree of Eternity
07:48 Ancient Protector
08:16 Moon Well
09:35 Tree of Life
11:38 Tree of Life
14:16 Tree of Life
22:56 Tree of Life
» items
| Staff of Preservation | 1 | |
| Healing Salve | 1 | |
2 total
(tT_T)t (
blue | 118 APM | 5061 actions | 43:00)
6 Blademaster
3 Wind Walk
2 Critical Strike
1 Bladestorm
5 Shadow Hunter
2 Healing Wave
3 Hex
4 Goblin Alchemist
2 Chemical Rage
2 Acid Bomb
» actions
| Assign group hotkey | 78 | |
| Basic commands | 301 | |
| Build / train | 182 | |
| ESC pressed | 15 | |
| Enter build submenu | 45 | |
| Enter hero's abilities submenu | 16 | |
| Give item / drop item | 4 | |
| Remove unit from queue | 2 | |
| Right click | 1608 | |
| Select / deselect | 805 | |
| Select group hotkey | 1665 | |
| Use ability | 340 | |
5061 total
» units
| Peon | 34 | |
| Grunt | 4 | |
| Troll Headhunter/Berserker | 18 | |
| Goblin Shredder | 2 | |
| Goblin Sapper | 3 | |
| Shaman | 4 | |
| Troll Witch Doctor | 3 | |
| Goblin Zeppelin | 6 | |
| Spirit Walker | 2 | |
| Demolisher | 1 | |
| Kodo Beast | 1 | |
| Raider | 5 | |
83 total
» upgrades
| Ranged Weapons | 3 | |
| Berserker Strength | 1 | |
| Pillage | 2 | |
| Armor | 3 | |
| Berserker Upgrade | 1 | |
| Reinforced Defenses | 1 | |
| Troll Regeneration | 1 | |
| Shaman Training | 2 | |
| Witch Doctor Training | 2 | |
| Spirit Walker Training | 2 | |
| Spiked Barricades | 3 | |
| Melee Weapons | 3 | |
| War Drums Damage Increase | 1 | |
| Burning Oil | 1 | |
| Ensnare | 1 | |
| Liquid Fire | 1 | |
| Envenomed Spears | 1 | |
29 total
» buildings
| Orc Burrow | 7 | |
| Altar of Storms | 1 | |
| Barracks | 1 | |
| Voodoo Lounge | 1 | |
| War Mill | 1 | |
| Stronghold | 2 | |
| Great Hall | 5 | |
| Fortress | 2 | |
| Watch Tower | 22 | |
| Spirit Lodge | 2 | |
| Beastiary | 2 | |
46 total
» build order
00:13 Orc Burrow
00:58 Altar of Storms
01:02 Barracks
01:09 Orc Burrow
01:34 Voodoo Lounge
02:33 War Mill
03:02 Orc Burrow
03:51 Stronghold
03:51 Stronghold
05:45 Great Hall
07:10 Orc Burrow
07:31 Fortress
07:32 Fortress
08:21 Watch Tower
08:49 Watch Tower
09:29 Watch Tower
10:20 Watch Tower
10:21 Watch Tower
10:26 Watch Tower
11:07 Watch Tower
11:08 Watch Tower
11:10 Watch Tower
12:39 Great Hall
12:55 Great Hall
14:02 Watch Tower
14:03 Watch Tower
15:46 Watch Tower
16:14 Great Hall
16:18 Great Hall
16:40 Watch Tower
17:23 Watch Tower
17:25 Watch Tower
17:54 Spirit Lodge
17:55 Spirit Lodge
18:57 Watch Tower
18:58 Watch Tower
19:00 Watch Tower
19:03 Watch Tower
19:06 Watch Tower
27:44 Beastiary
27:45 Beastiary
28:32 Orc Burrow
38:20 Watch Tower
38:21 Watch Tower
41:09 Orc Burrow
41:11 Orc Burrow
» items
| Healing Salve | 8 | |
| Lesser Clarity Potion | 6 | |
| Orb of Lightning | 4 | |
| Scroll of Town Portal | 2 | |
| Potion of Healing | 3 | |
| Potion of Mana | 1 | |
24 total
GRASSLAND. (
purple | 49 APM | 2125 actions | 43:00)
6 Blademaster
2 Critical Strike
3 Wind Walk
1 Bladestorm
» actions
| Assign group hotkey | 29 | |
| Basic commands | 13 | |
| Build / train | 73 | |
| Enter build submenu | 41 | |
| Enter hero's abilities submenu | 6 | |
| Give item / drop item | 1 | |
| Right click | 942 | |
| Select / deselect | 303 | |
| Select group hotkey | 592 | |
| Use ability | 125 | |
2125 total
» units
| Peon | 14 | |
| Grunt | 4 | |
| Raider | 4 | |
| Goblin Zeppelin | 1 | |
| Goblin Shredder | 1 | |
| Troll Batrider | 12 | |
36 total
» upgrades
| Reinforced Defenses | 1 | |
| Ensnare | 1 | |
| Melee Weapons | 1 | |
| Armor | 2 | |
| Ranged Weapons | 2 | |
| Liquid Fire | 1 | |
8 total
» buildings
| Altar of Storms | 1 | |
| Orc Burrow | 8 | |
| Barracks | 1 | |
| Voodoo Lounge | 1 | |
| Stronghold | 8 | |
| War Mill | 1 | |
| Great Hall | 2 | |
| Beastiary | 5 | |
| Fortress | 5 | |
| Watch Tower | 23 | |
55 total
» build order
00:08 Altar of Storms
00:17 Orc Burrow
00:50 Barracks
01:18 Orc Burrow
01:42 Voodoo Lounge
03:14 Stronghold
03:15 Stronghold
03:15 Stronghold
04:36 War Mill
05:14 Orc Burrow
06:10 Great Hall
06:26 Beastiary
06:28 Beastiary
07:23 Fortress
07:24 Fortress
07:35 Watch Tower
07:36 Watch Tower
08:46 Watch Tower
08:57 Watch Tower
08:58 Watch Tower
09:22 Watch Tower
09:23 Watch Tower
09:43 Watch Tower
09:51 Watch Tower
10:11 Watch Tower
11:14 Watch Tower
12:32 Stronghold
12:32 Stronghold
12:32 Stronghold
12:56 Orc Burrow
12:58 Orc Burrow
13:04 Great Hall
13:15 Orc Burrow
13:54 Orc Burrow
14:12 Watch Tower
14:36 Watch Tower
14:47 Watch Tower
15:04 Watch Tower
15:08 Watch Tower
15:19 Fortress
15:19 Fortress
15:23 Watch Tower
15:44 Watch Tower
15:54 Watch Tower
16:09 Watch Tower
16:12 Watch Tower
16:13 Stronghold
16:14 Stronghold
18:33 Orc Burrow
20:24 Beastiary
20:29 Beastiary
20:31 Beastiary
21:45 Watch Tower
22:50 Fortress
22:56 Watch Tower
» items
| Healing Salve | 2 | |
| Scroll of Town Portal | 3 | |
| Orb of Lightning | 1 | |
6 total
Chat log
(00:09 / Allies) uvaalum102: bm harassing their expos
(00:11 / Allies) uvaalum102: beastary
(00:16 / Allies) TheBastard: k I fast expo
(00:23 / Allies) uvaalum102: kk
(00:46 / Allies) uvaalum102: pinging so when they say i cheat
(00:51 / Allies) uvaalum102: they can check replay lol
(03:30 / Allies) uvaalum102: sup there?
(03:40 / Allies) Oamey: hiya
(03:55 / Allies) uvaalum102: ....
(03:59 / Allies) b4_i_die_alone: what
(04:07 / Allies) uvaalum102: what s the idea there?
(04:16 / Allies) b4_i_die_alone: tower ing and expong
(04:22 / Allies) b4_i_die_alone: expoing
(04:26 / All) GRASSLAND.: nice oj lawl
(04:48 / All) GRASSLAND.: da
(05:02 / Allies) uvaalum102: nice teal
(07:07 / Allies) uvaalum102: gold yellow?
(07:09 / Allies) uvaalum102: i repay double
(07:12 / Allies) uvaalum102: 1-200 really helps here
(08:35 / Allies) uvaalum102: hit north pls
(08:38 / Allies) uvaalum102: i ll create diversion
(08:41 / Allies) uvaalum102: south
(08:49 / Allies) Oamey: k
(10:04 / Allies) b4_i_die_alone: regrp
(10:19 / Allies) TheBastard: lumber?
(10:45 / Allies) uvaalum102: olmw
(10:47 / Allies) b4_i_die_alone: ok ready
(10:50 / Allies) uvaalum102: i lead pls
(10:59 / Allies) uvaalum102: i go
(11:06 / Allies) uvaalum102: you go elsewhere pls
(12:25 / All) TheBastard: good timing!
(12:34 / All) TheBastard: Maybe help your team you fucking morons
(13:02 / Allies) TheBastard: need help
(13:11 / Allies) uvaalum102: not enough to help
(13:19 / Allies) Oamey: hero ded
(14:49 / Allies) uvaalum102: opmw yellow
(14:53 / Allies) uvaalum102: green hs no base
(14:55 / Allies) uvaalum102: they cant tp there
(16:20 / Allies) b4_i_die_alone: all go
(16:44 / Allies) uvaalum102: 2fv1
(16:44 / Allies) uvaalum102: fight
(16:45 / Allies) TheBastard: dk
(16:48 / Allies) TheBastard: dk
(16:50 / Allies) Oamey: cominz
(19:35 / All) (tT_T)t: copters great counter lol
(20:19 / Allies) uvaalum102: twoer
(20:21 / Allies) uvaalum102: s noit need
(20:23 / Allies) uvaalum102: units pls
(20:26 / Allies) uvaalum102: or feed someone
(20:52 / Allies) Oamey: wryms
(21:40 / Allies) uvaalum102: scout that pls
(22:09 / Allies) uvaalum102: yellow u have 4k lol
(22:17 / Allies) uvaalum102: i have 400 and no mine :(
(22:18 / Allies) b4_i_die_alone: give some to rd
(22:27 / Allies) uvaalum102: no more towers
(22:36 / Allies) b4_i_die_alone: we have to hit thier expos
(22:46 / Allies) Oamey: lesgo
(22:49 / Allies) uvaalum102: green gone
(23:05 / Allies) uvaalum102: lol teal
(23:13 / Allies) b4_i_die_alone: quickest
(23:33 / Allies) b4_i_die_alone: stay together
(23:35 / Allies) uvaalum102: 400 gold for expo pls
(25:23 / Allies) b4_i_die_alone: 8 k gold yellow~~
(25:47 / Allies) uvaalum102: sersyl
(25:49 / Allies) uvaalum102: why u tp
(25:54 / Allies) uvaalum102: and say nothing
(26:21 / Allies) uvaalum102: terrible
(26:23 / All) b4_i_die_alone: imagine if we had yellow ith us
(28:09 / Allies) uvaalum102: yellow share the wealth
(28:22 / Allies) uvaalum102: 10 k
(28:31 / Allies) TheBastard: Am I a bank?
(28:34 / Allies) uvaalum102: w gold i could by tp
(28:36 / Allies) TheBastard: Do I make loans, you think?
(28:39 / Allies) uvaalum102: no u did take my expo
(28:47 / Allies) TheBastard: Perhaps you should mine you some, or sell an item or two you have plenty of those
(28:51 / Allies) uvaalum102: towers wont save u
(28:55 / Allies) uvaalum102: 3 armies will
(29:04 / Allies) TheBastard: Do you need an orb? Sell it, buy an expansion to mine your own gold, beggar
(29:50 / All) TheBastard: And stay out!
(30:24 / Allies) uvaalum102: help?
(31:02 / All) TheBastard: I'll accept no rowdy hooligans upon my lands, you young punk!
(31:08 / Allies) uvaalum102: atleast make an army damn yellow
(31:28 / Allies) TheBastard: I have one, and such crack troops they are too! I fitted them with the best equipment
(31:48 / All) TheBastard: Come back here, ruffian
(31:57 / All) TheBastard: I will give you a stern talking to!
(32:07 / Allies) uvaalum102: green no tp
(32:44 / All) GRASSLAND.: i was definitely MVP of my team. blue too
(34:15 / All) GRASSLAND.: AFK
(34:24 / All) (tT_T)t: why
(34:26 / All) (tT_T)t: wtf
(34:29 / All) GRASSLAND.: game is over
(34:36 / All) (tT_T)t: so what? you don't go afk midgame
(34:46 / Allies) uvaalum102: teal, gold?
(34:49 / Allies) uvaalum102: i need 100 for mine
(34:57 / Allies) TheBastard: Get a job
(35:03 / Allies) uvaalum102: get an army
(35:11 / Allies) TheBastard: I have one, what are you blind?
(35:11 / Allies) uvaalum102: mine is larger and u have20k
(35:15 / Allies) uvaalum102: 48]
(35:17 / Allies) TheBastard: Better trained than yours!
(35:24 / Allies) uvaalum102: 48 is not army with 20 peons
(35:35 / All) b4_i_die_alone: blue h8in on Green
(35:38 / Allies) TheBastard: Quality, not quantity
(35:39 / All) (tT_T)t: that was easy to get them to leave
(36:36 / Allies) TheBastard: Come back here hooligan
(36:55 / Allies) TheBastard: You are running amok and I don't like it!
(36:58 / All) b4_i_die_alone: yellow h8in on me
(37:14 / Allies) TheBastard: Beat it you young punk!
(37:40 / All) (tT_T)t: raped
(38:14 / Allies) uvaalum102: they have expo
(38:23 / All) TheBastard: YOU ARE BREAKING THE LAW
(39:44 / All) TheBastard: Such a pesky little troublemaker!
(40:05 / Allies) uvaalum102: not really sure what the plan is
(40:12 / Allies) uvaalum102: if we stay, you cant quit
(40:17 / Allies) uvaalum102: if you want to win
(40:19 / Allies) TheBastard: I have gold to collect, lots of it!
(40:20 / Allies) uvaalum102: it ll take an hr
(42:07 / All) TheBastard: Well well
(42:20 / All) (tT_T)t: I say your side probably lose, 3 legit plus jake is afk and trying to put all the work on us
(42:25 / All) (tT_T)t: so won't kill his own shit
(42:35 / All) TheBastard: go ahead and stats
(42:40 / All) TheBastard: in case there's undefeated
(42:47 / All) (tT_T)t: 66-53 oj 17-10 green damn
(42:56 / All) TheBastard: About same as my team so my team lose